Match 41696199
Unlisted

Match 41696199
End
Construct Section Command Post
Selects Air and Sea Battlegroup
Infantry Section
Infantry Section
Grenade Package
Vickers Machine Gun Team
Construct Platoon Command Post
Humber Armored Car
Selects Commando Section Paradrop
Selects M1 Pack Howitzer Paradrop
M1 Pack Howitzer Paradrop
6-pounder Anti-tank Gun Team
CMP 15cwt Truck
Commando Section Paradrop
CMP 15cwt Truck
Construct Company Command Post
Selects Supply Surplus
Selects UNKNOWN (223837)
Centaur IV Medium Tank
Unlock Towed 17-pounder Anti-tank Guns
17-pounder Anti-tank Gun Team
Unlock M3 Grant Medium Tanks
Commando Section Paradrop
M3 Grant Medium Tank
Lønner
Airborne 101st easy company
-EGON
UH|dun! ツ
UH|ck
iceman
0
0

Comments sign in to comment!

No comments posted yet!